 Dungeon Crawl Stone Soup version 0.19.0-19-g8c6edcc (webtiles) character file.

56 AAAAA the Magician (level 3, -3/24 HPs)
             Began as an Octopode Warper on Nov 15, 2016.
             Slain by a bullfrog skeleton (5 damage)
             ... on level 4 of the Dungeon.
             The game lasted 00:03:41 (1574 turns).

AAAAA the Magician (Octopode Warper)                Turns: 1574, Time: 00:03:42

Health: -3/24      AC:  1    Str: 10    XL:     3   Next: 95%
Magic:  8/8        EV: 13    Int: 16    God:
Gold:   84         SH:  0    Dex: 11    Spells: 2 memorised, 4 levels left

rFire  . . .     SeeInvis .     a - +0 falchion
rCold  . . .     Gourm    .     (no shield)
rNeg   . . .     Faith    .     (helmet restricted)
rPois  .         Spirit   .     (no amulet)
rElec  .         Reflect  .     (no ring)
rCorr  .         Harm     .     (no ring)
MR     .....                    (no ring)
Stlth  ++........               (no ring)
                                (no ring)
                                (no ring)
                                (no ring)
                                (no ring)

@: no status effects
A: almost no armour, stealthy swim, amphibious, 8 rings, constrict 8, camouflage
1, gelatinous body 1
a: no special abilities


You were on level 4 of the Dungeon.
You were not hungry.

You visited 1 branch of the dungeon, and saw 4 of its levels.

You collected 84 gold pieces.

Inventory:

Hand Weapons
 a - a +0 falchion (weapon)
Missiles
 d - 5 tomahawks of dispersal (quivered)
 l - a throwing net
 m - 3 curare-tipped needles
 n - 33 stones
Jewellery
 i - a cursed ring of loudness {unknown}
Scrolls
 c - 2 scrolls of blinking
 g - 3 scrolls of identify {unknown}
 o - a scroll of fear {unknown}
 q - a scroll of enchant armour {unknown}
Potions
 e - a potion of magic {unknown}
 h - a potion of cure mutation {unknown}
 j - 2 potions of might {unknown}
 k - a potion of cancellation {unknown}
Books
 b - a book of Spatial Translocations

   Spells                             Type                      Level
   a - Blink                          Translocation                2
   b - Shroud of Golubria             Charms/Translocation         2
   c - Lesser Beckoning               Translocation                3
   d - Portal Projectile              Translocation                3
   e - Teleport Other                 Translocation                3
   f - Passage of Golubria            Translocation                4
Comestibles
 f - a bread ration
 p - 8 chunks of flesh


   Skills:
 - Level 2.0 Fighting
 - Level 2.0 Long Blades
 - Level 1.0 Throwing
 - Level 2.3 Dodging
 + Level 3.8 Spellcasting
 - Level 3.0 Translocations


You had 4 spell levels left.
You knew the following spells:

 Your Spells              Type           Power        Failure   Level  Hunger
a - Blink                 Tloc           N/A          10%         2    ##.....
b - Teleport Other        Tloc           ##......     17%         3    ###....


Dungeon Overview and Level Annotations

Branches:
Dungeon (4/15)
 Temple: D:4-7

Altars:
Gozag
Uskayaw

Annotations:
D:3 AAAAA's ghost, novice OpWr
D:4 Robin


Innate Abilities, Weirdness & Mutations

You cannot wear most types of armour.
You are very stealthy in the water. (Stealth+)
You are amphibious.
You can wear up to eight rings at the same time.
You can use your tentacles to constrict eight enemies at once.
Your skin changes colour to match your surroundings (Stealth+).
Your rubbery body absorbs attacks. (AC +1, EV +1)


Message History

You constrict the bullfrog skeleton. The bullfrog skeleton hits you.
You hit the bullfrog skeleton.
The bullfrog skeleton is moderately damaged.
You constrict the bullfrog skeleton.
The bullfrog skeleton closely misses you.
You riposte.
You hit the bullfrog skeleton but do no damage.
The bullfrog skeleton is heavily damaged.
The bullfrog skeleton hits you.
You slash the bullfrog skeleton!
The bullfrog skeleton is severely damaged.
You constrict the bullfrog skeleton. The bullfrog skeleton hits you.
* * * LOW HITPOINT WARNING * * *
Unknown command.
You hit the bullfrog skeleton.
The bullfrog skeleton is almost destroyed.
You constrict the bullfrog skeleton. The bullfrog skeleton hits you.
* * * LOW HITPOINT WARNING * * *
The bullfrog skeleton hits you.
You die...

......'.........))......h...
..#####.....#....#.........g
..# #.....#....#######g.##
..# #####.#....# .# ..#
....#...<# ######.
....###..####### .......
................ .######
###.###..###### ......#
#.....@...# ...##.#
#......Z..# .#.#
...........# .#.#
##.........# .# #
#........... .#
#)........... ##
............=..
...............


You could see a bullfrog skeleton.

Vanquished Creatures
  2 adders (D:3)
  2 dart slugs
  2 bats
  A giant cockroach (D:3)
  11 goblins
  4 hobgoblins
  A ball python (D:4)
  4 frilled lizards
  A jackal skeleton (D:4)
  4 kobolds
  3 rats
35 creatures vanquished.

Notes
Turn   | Place    | Note
-------+----------+-------------------------------------------
     0 | D:1      | AAAAA the Octopode Warper began the quest for the Orb.
     0 | D:1      | Reached XP level 1. HP: 14/14 MP: 3/3
   316 | D:1      | Reached XP level 2. HP: 17/19 MP: 5/5
   320 | D:1      | Learned a level 2 spell: Blink
   755 | D:3      | Reached XP level 3. HP: 12/24 MP: 5/7
   955 | D:3      | Learned a level 3 spell: Teleport Other
  1201 | D:3      | Noticed AAAAA's ghost (novice OpWr)
  1213 | D:3      | Found a hide-covered altar of Uskayaw.
  1213 | D:3      | Found an opulent altar of Gozag.
  1372 | D:4      | Noticed Robin
  1574 | D:4      | Slain by a bullfrog skeleton

Skill      XL: |  1  2 |
---------------+-------+-----
Spellcasting   | 3 |  3.8
Fighting       | |  2.0
Long Blades    | |  2.0
Throwing       | |  1.0
Dodging        | |  2.3
Translocations | |  3.0

Action                   || total
-------------------------++-------
Melee: Falchion          ||    67
       Constrict         ||    27
       Tentacles         ||     9
 Stab: Sleeping          ||     1
       Distracted        ||     1
  Eat: Chunk             ||     2
Armor: Skin              ||     2
Dodge: Dodged            ||    46
       Rpst.: Falchion   ||    25
